 Dungeon Crawl Stone Soup version 0.30-a0-374-g95c0257040 (webtiles) character file.

Game seed: 7838515159533168759

40 pokeman the Magician (level 3, 0/20 HPs)
             Began as a Deep Elf Hedge Wizard on Nov 26, 2022.
             Succumbed to a scorpion's poison
             ... on level 2 of the Dungeon.
             The game lasted 00:02:08 (1513 turns).

pokeman the Magician (Deep Elf Hedge Wizard)        Turns: 1513, Time: 00:02:09

Health: 0/20       AC:  3    Str: 10 (11) XL:     3   Next: 30%
Magic:  0/11       EV: 12    Int: 19 (20) God:
Gold:   40         SH:  0    Dex: 17 (20) Spells: 4/12 levels left

rFire   . . .      SeeInvis .    k - +2 short sword (elec)
rCold   + + .      Faith    .    (no shield)
rNeg    . . .      Spirit   .    n - +0 leather armour "Texaymike" {rElec rC++ Str+4}
rPois   .          Reflect  .    c - +0 hat
rElec   +          Harm     .    (no cloak)
rCorr   .          Rampage  .    (no gloves)
Will    .....                    (no boots)
Stlth   ++........               (no amulet)
HPRegen 0.23/turn                e - +6 ring of dexterity
MPRegen 0.12/turn                (no ring)

@: brilliant, lethally poisoned (0 -> -6), very slightly contaminated
A: no striking features
a: no special abilities


You were on level 2 of the Dungeon.
You visited 1 branch of the dungeon, and saw 2 of its levels.

You collected 40 gold pieces.

Inventory:

Hand Weapons
 k - a +2 short sword of electrocution (weapon)
Armour
 c - a +0 hat (worn)
 n - the +0 leather armour "Texaymike" (worn) {rElec rC++ Str+4}
   (You found it on level 2 of the Dungeon)

   Str:       It affects your strength (+4).
   rC:        It greatly protects you from cold.
   rElec:     It insulates you from electricity.
Magical Staves
 h - a staff of fire
Jewellery
 e - a +6 ring of dexterity (left hand)
Scrolls
 b - a scroll of noise {unknown}
 f - 2 scrolls of identify {unknown}
 g - 2 scrolls of teleportation {unknown}
 i - a scroll of vulnerability {unknown}
 m - a scroll of amnesia {unknown}
Potions
 d - 2 potions of magic


   Skills:
 + Level 0.8 Fighting
 + Level 0.8 Armour
 - Level 2.4 Dodging
 - Level 2.4 Stealth
 * Level 5.2 Spellcasting
 + Level 1.8 Conjurations
 - Level 1.1 Summonings
 - Level 1.1 Translocations


You had 4 spell levels left.
You knew the following spells:

 Your Spells              Type           Power      Damage    Failure   Level
a - Magic Dart            Conj           68%        1d6       8%          1
b - Mephitic Cloud        Conj/Pois/Air  10%        N/A       36%         3
c - Call Imp              Summ           13%        N/A       16%         2
d - Blink                 Tloc           26%        N/A       16%         2

Your spell library contained the following spells:

 Spells                   Type           Power      Damage    Failure   Level
 Slow                     Hex            28%        N/A       17%         1
 Cigotuvi's Dreadful Rot  Necr/Pois/Air  14%        N/A       26%         2


Dungeon Overview and Level Annotations

Branches:
Dungeon (2/15)

Altars:


Message History

You are very lightly contaminated with residual magic.
Nothing appears to happen.
The scorpion closely misses you.
Unknown command.
You hit the scorpion.
The scorpion is lightly wounded.
The scorpion misses you.
You hit the scorpion.
The scorpion is lightly wounded.
The scorpion stings you.
You closely miss the scorpion.
The scorpion is lightly wounded.
The scorpion barely misses you.
You hit the scorpion.
The scorpion is moderately wounded.
The scorpion closely misses you. The scorpion stings you!
You are lethally poisoned!
The scorpion poisons you!
Unknown command.
Casting: Mephitic Cloud (astonishingly dangerous; 34% risk of failure)
Confirm with . or Enter, or press ? or * to list all spells.
A beastly little devil appears in a puff of flame.
You feel very sick. The scorpion stings you.
* * * LOW HITPOINT WARNING * * *
Unknown command.
You swap places.
* * * LOW HITPOINT WARNING * * *
You feel sick. The scorpion stings your crimson imp!
Your crimson imp barely misses the scorpion.
Unknown command.
It was a potion of brilliance.
You feel clever all of a sudden.
* * * LOW HITPOINT WARNING * * *
You feel sick. The scorpion stings your crimson imp.
Your crimson imp hits the scorpion but does no damage.
Unknown command.
It was a potion of degeneration.
There was something very wrong with that liquid.
You feel weakened.
You feel dopey.
You feel clumsy.
You die...

## # .. .#...#### .#
......... .# ##...###. .###
## # #. [ ..# ##### .# ##
#.) #.# ####.^.##.#####
#..<##.######...[..........
#......s5@...†.......#####
#.##########.........#####
###.............<
.............#####
###.#.......##
#.........#######
....###...........
####.....########## #######


You could see a scorpion (ally target) and a friendly crimson imp (summoned).

Vanquished Creatures
  An adder (D:2)
  2 endoplasms (D:2)
  6 hobgoblins
  2 quokkas (D:1)
  2 ball pythons (D:1)
  7 bats
  A frilled lizard (D:1)
  6 goblins
  A kobold (D:1)
  2 rats (D:1)
30 creatures vanquished.

Notes
Turn   | Place    | Note
-------+----------+-------------------------------------------
     0 | D:1      | pokeman the Deep Elf Hedge Wizard began the quest for the
                  | Orb.
     0 | D:1      | Reached XP level 1. HP: 10/10 MP: 7/7
   271 | D:1      | Reached XP level 2. HP: 15/15 MP: 7/9
   883 | D:1      | Reached skill level 5 in Spellcasting
  1287 | D:2      | Reached XP level 3. HP: 20/20 MP: 11/11
  1291 | D:2      | Learned a level 3 spell: Mephitic Cloud
  1294 | D:2      | Learned a level 2 spell: Call Imp
  1297 | D:2      | Learned a level 2 spell: Blink
  1467 | D:2      | Identified the +0 leather armour "Texaymike" {rElec rC++
                  | Str+4}
  1496 | D:2      | Noticed a scorpion
  1513 | D:2      | Succumbed to a scorpion's poison

Illustrated notes

Levels and vault maps discovered:
D:1:      reono_arrival_mine, layout_basic, minmay_misc_feat_doors, st_stairs_3
D:2:      layout_loops_ring

Skill      XL: |  1  2 |
---------------+-------+-----
Spellcasting   | 5 |  5.2
Fighting       | |  0.8
Armour         | |  0.8
Dodging        | |  2.4
Stealth        | |  2.4
Conjurations   | |  1.8
Summonings     | |  1.1
Translocations | |  1.1

Action                   || total
-------------------------++-------
Melee: Short sword       ||    14
 Cast: Magic Dart        ||    57
       Call Imp          ||     1
  Use: Potion            ||     2
 Stab: Sleeping          ||     1
Armor: Robe              ||     4
       Leather armour    ||     1
Dodge: Dodged            ||    18

Table legend: (Time is in decaauts)
 A = Elapsed time spent in this place.
 B = Non-inter-level travel time spent in this place.
 C = Inter-level travel time spent in this place.
 D = Time resting spent in this place.
 E = Time spent auto-exploring this place.
 F = Levels seen in this place.
 G = Mean time per level.
                   A        B        C        D        E       F      G
               +--------+--------+--------+--------+--------+-----+--------+
         Total |   1511 |   1447 |     64 |      0 |   1252 |   2 |  755.5 |
       Dungeon |   1511 |   1447 |     64 |      0 |   1252 |   2 |  755.5 |
               +--------+--------+--------+--------+--------+-----+--------+

Top non-repeatable levels by time:
     D:1: 1273 daAuts
     D:2: 238 daAuts
